 Dungeon Crawl Stone Soup version 0.28.0-53-g5a82cb258f (console) character file.

Game seed: 4193945509364876838

966 erker the Digger (level 8, 0/46 HPs)
             Began as an Octopode Earth Elementalist on July 22, 2022.
             Was a Follower of Sif Muna.
             Slain by a sky beast (2 damage)
             ... on level 6 of the Dungeon.
             The game lasted 00:24:28 (7604 turns).

erker the Digger (Octopode Earth Elementalist)      Turns: 7604, Time: 00:24:28

Health: 0/46       AC:  1    Str:  7    XL:     8   Next: 15%
Magic:  10/13      EV: 13    Int: 19    God:    Sif Muna [*.....]
Gold:   246        SH:  0    Dex: 13    Spells: 7/14 levels left

rFire   + . .      SeeInvis .   a - +1 dagger (venom)
rCold   . . .      Faith    +   (no shield)
rNeg    . . .      Spirit   .   (helmet restricted)
rPois   .          Reflect  .   z - amulet of faith
rElec   .          Harm     .   n - ring of wizardry
rCorr   .          Rampage  .   f - ring of flight
Will    .....                   o - ring of protection from fire
Stlth   +++.......              (no ring)
HPRegen 0.15/turn               (no ring)
MPRegen 0.13/turn               (no ring)
                                (no ring)
                                (no ring)

@: flying
A: almost no armour, amphibious, 8 rings, camouflage 1, gelatinous body 1,
(nimble swimmer 1), tentacles
a: Renounce Religion, Channel Magic


You were on level 6 of the Dungeon.
You worshipped Sif Muna.
Sif Muna was aware of your devotion.
You visited 2 branches of the dungeon, and saw 7 of its levels.
You also visited: Ossuary.

You collected 246 gold pieces.

Inventory:

Hand Weapons
 a - a +1 dagger of venom (weapon)
 r - a +0 glaive
Missiles
 b - 253 stones
 p - 6 poisoned darts (quivered)
Jewellery
 f - a ring of flight (right tentacle)
 n - a ring of wizardry (left tentacle)
 o - a ring of protection from fire (on tentacle)
 z - an amulet of faith (around mantle)
Wands
 B - a wand of digging (5)
 C - a wand of acid (13)
Scrolls
 c - 4 scrolls of fear {unknown}
 e - 6 scrolls of identify {unknown}
 g - 3 scrolls of immolation {unknown}
 k - a scroll of enchant weapon {unknown}
 l - 2 scrolls of teleportation {unknown}
 m - 2 scrolls of enchant armour {unknown}
 q - a scroll of vulnerability {unknown}
 t - a scroll of noise {unknown}
 u - a scroll of blinking {unknown}
 w - 3 scrolls of fog {unknown}
 y - 2 scrolls of magic mapping {unknown}
 A - a scroll of silence {unknown}
Potions
 d - 2 potions of flight {unknown}
 h - 3 potions of attraction {unknown}
 i - 3 potions of heal wounds {unknown}
 j - a potion of mutation {unknown}
 s - 2 potions of brilliance {unknown}
 v - 4 potions of curing {unknown}
 x - a potion of degeneration {unknown}


   Skills:
 - Level 2.0 Short Blades
 - Level 2.0 Dodging
 - Level 4.0 Stealth
 + Level 3.5 Spellcasting
 - Level 6.0 Transmutations
 - Level 6.0 Earth Magic


You had 7 spell levels left.
You knew the following spells:

 Your Spells              Type           Power      Damage    Failure   Level
a - Sandblast             Erth           52%        2d12      1%          1
p - Petrify               Tmut/Erth      26%        N/A       4%          4
w - Passwall              Tmut/Erth      21%        N/A       1%          2

Your spell library contained the following spells:

 Spells                   Type           Power      Damage    Failure   Level
 Stone Arrow              Conj/Erth      28%        3d8       5%          3
 Static Discharge         Conj/Air       3%         N/A       9%          2
 Dispel Undead            Necr           3%         3d7       47%         4
 Sticky Flame             Conj/Fire      3%         2d3       47%         4


Dungeon Overview and Level Annotations

Branches:
Dungeon (6/15)             Temple (1/1) D:5         Ossuary (visited)

Altars:
Ashenzari
Cheibriados
Dithmenos
Elyvilon
Fedhas
Gozag
Hepliaklqana
Kikubaaqudgha
Makhleb
Nemelex Xobeh
Okawaru
Qazlal
Ru
Sif Muna
Trog
Vehumet
Wu Jian
Xom
Yredelemnul
Zin
The Shining One

Shops:
D:1 (

Annotations:
D:4 1 exclusion
D:5 1 runed translucent door, Crazy Yiuf


Innate Abilities, Weirdness & Mutations

You cannot wear most types of armour.
You are amphibious.
You can wear up to eight rings at the same time.
Your skin changes colour to match your surroundings (Stealth+).
Your rubbery body absorbs attacks. (AC +1, EV +1)
((You are camouflaged when in or above water. (Stealth+)))
You have tentacles for arms and can constrict up to eight enemies at once.


Message History

The adder hisses angrily.
The adder completely misses you.
You hit the adder. You grab the adder.
The adder is lightly wounded.
You constrict the adder, but do no damage.
The adder bites you.
You hit the adder but do no damage.
The adder is poisoned.
The adder is lightly wounded.
You constrict the adder. The adder barely misses you.
Casting: Sandblast (safe; 1% risk of failure)
Confirm with . or Enter, or press ? or * to list all spells.
Aiming: Sandblast (safe; 1% risk of failure)
Press: ? - help, Shift-Dir - straight line, f - adder
Aim: an adder (moderately wounded, constricted by you, very poisoned, 93% to hit)
The blast of sand misses the adder.
b - 253 stones You constrict the adder.
Something barely misses you. The adder bites you.
You release your grip on the adder.
Something hits you. Something shocks you.
Casting: Sandblast (safe; 1% risk of failure)
Confirm with . or Enter, or press ? or * to list all spells.
Aiming: Passwall (safe; 1% risk of failure)
Press: ? - help, Dir - move target, p - adder A rock wall.
The adder bites you. Something hits you. Something shocks you.
* * * LOW HITPOINT WARNING * * *
The adder bites you.
* * * LOW HITPOINT WARNING * * *
You begin to meditate on the wall.
You continue meditating on the rock.
A sky beast appears from thin air!
Reactivating autopickup.
The sky beast hits you.
* * * LOW HITPOINT WARNING * * *
The sky beast shocks you.
* * * LOW HITPOINT WARNING * * *
The adder barely misses you.
You continue meditating on the rock.
The sky beast flickers out of sight!
Deactivating autopickup; reactivate with Ctrl-A.
Something hits you.
You die...

..........#..#....#.....#...
.........#..#[.<.#.....'...
........#..#....#.....#...
.......#..#....#.....#...
.?.....##########+####...
.........................
.........................
#....S.................
#....{@................
#....#######.......##'#
#....#.....#.......# ..
#....#.....#..<....# ..
#....#.....#.......# ..
#....#.....'....)..#
.....#....##.......#
##########....# #..).#


You could see an adder (very poisoned).

Vanquished Creatures
  A water moccasin (D:5)
  An orc warrior (D:4)
  A necrophage (D:5)
  A phantom (D:3)
  A jelly (D:6)
  A bullfrog skeleton (D:6)
  3 orc priests
  Jessica (D:2)
  A centaur skeleton (D:5)
  2 orc wizards (D:4)
  A mummy (Ossuary)
  A howler monkey zombie (D:6)
  3 gnolls (D:3)
  A howler monkey skeleton (D:6)
  10 adders
  A shadow imp (D:5)
  3 white imps (D:6)
  An ufetubus (D:6)
  An adder zombie (D:5)
  3 worms
  3 dart slugs
  22 orcs
  5 bats
  10 endoplasms
  4 giant cockroaches
  5 goblins
  9 hobgoblins
  9 jackals
  7 kobolds
  A quokka (D:4)
  6 ball pythons
  3 frilled lizards
  5 gnoll skeletons (Ossuary)
  7 kobold skeletons (Ossuary)
  13 orc skeletons (Ossuary)
  2 rats
149 creatures vanquished.

Vanquished Creatures (others)
  4 fungi (D:3)
  2 plants (D:1)
6 creatures vanquished.

Grand Total: 155 creatures vanquished

Notes
Turn   | Place    | Note
-------+----------+-------------------------------------------
     0 | D:1      | erker the Octopode Earth Elementalist began the quest for
                  | the Orb.
     0 | D:1      | Reached XP level 1. HP: 11/11 MP: 3/3
   224 | D:1      | Reached XP level 2. HP: 17/17 MP: 1/5
   227 | D:1      | Learned a level 2 spell: Passwall
   341 | D:1      | Reached skill level 1 in Short Blades
   940 | D:1      | Reached XP level 3. HP: 18/21 MP: 6/6
   992 | D:1      | Found Hoq Vyj's Weapon Boutique.
  1167 | D:2      | Noticed Jessica
  1174 | D:2      | Killed Jessica
  1360 | D:2      | Reached XP level 4. HP: 18/27 MP: 2/7
  2500 | D:2      | Reached XP level 5. HP: 13/31 MP: 5/8
  2772 | D:2      | Found a faded altar of an unknown god.
  2789 | D:2      | Found a faded altar of an unknown god.
  2884 | D:3      | Found a shimmering altar of Xom.
  3703 | D:3      | Found a white marble altar of Elyvilon.
  3797 | D:4      | Reached XP level 6. HP: 25/36 MP: 1/9
  3876 | D:4      | Found a sand-covered staircase.
  3944 | Ossuary  | Entered an ossuary
  3944 | Ossuary  | Noticed a wraith
  3944 | Ossuary  | Noticed a wraith
  3944 | Ossuary  | Noticed a wraith
  4442 | Ossuary  | Noticed a wraith
  4636 | D:4      | Noticed an orc warrior
  4652 | D:4      | Learned a level 4 spell: Petrify
  4719 | D:4      | Identified the +1 ring mail "Nighuveo" {Drain rPois rN+
                  | Int+4}
  4765 | D:3      | Reached skill level 5 in Earth Magic
  4826 | D:4      | Killed an orc warrior
  4827 | D:4      | Reached XP level 7. HP: 28/41 MP: 1/10
  5308 | D:5      | Entered Level 5 of the Dungeon
  5354 | D:5      | Found a staircase to the Ecumenical Temple.
  5360 | Temple   | Entered the Ecumenical Temple
  5588 | Temple   | Became a worshipper of Sif Muna the Loreminder
  5889 | D:5      | Reached skill level 5 in Transmutations
  6095 | D:5      | Found a runed translucent door.
  6096 | D:5      | Noticed Crazy Yiuf
  6608 | D:6      | Reached XP level 8. HP: 35/46 MP: 8/11
  6714 | D:6      | Reached * piety under Sif Muna
  7603 | D:6      | HP: 2/46 [sky beast (6)]
  7604 | D:6      | Slain by a sky beast

Illustrated notes

Levels and vault maps discovered:
D:1:      saegor_arrival_fortress, layout_rooms, serial_shops,
          nicolae_shop_temple_entry_statues_fountains, serial_bayou_ford_a
D:2:      layout_loops_ring, hellmonk_ecumenical_altar_the_god_not_taken,
          uniq_jessica
D:3:      minmay_inner_zag, layout_rooms, mainiacjoe_overflow_boulevard,
          xom_teletrap_fun
D:4:      layout_loops_ring, enter_ossuary_1
D:5:      layout_rooms, minmay_temple_entry_mini_moons, uniq_crazy_yiuf_cottage
D:6:      layout_gridville
Temple:   mainiacjoe_temple_bowtie_tessellation

Skill      XL: |  1  2  3  4  5  6  7  8 |
---------------+-------------------------+-----
Stealth        | 3 4 |  4.0
Short Blades   | 1 2 |  2.0
Earth Magic    | 4 6 |  6.0
Transmutations | 2 4 6 |  6.0
Spellcasting   | 3 |  3.5
Dodging        | |  2.0

Action                   |  1- 3 |  4- 6 |  7- 9 || total
-------------------------+-------+-------+-------++-------
Melee: Unarmed           |     5 |       |       ||     5
       Constrict         |    10 |    49 |    18 ||    77
       Dagger            |    25 |   156 |    59 ||   240
       Tentacles         |     4 |    40 |    15 ||    59
       Punch             |       |     4 |     2 ||     6
Throw: Dart              |       |     8 |     5 ||    13
       Stone             |       |     4 |       ||     4
 Cast: Sandblast         |    21 |    35 |    27 ||    83
       Passwall          |       |     2 |     5 ||     7
       Petrify           |       |     2 |     4 ||     6
 Stab: Sleeping          |     4 |    16 |     9 ||    29
       Petrified         |       |     4 |     6 ||    10
       Distracted        |       |       |     1 ||     1
Armor: Skin              |     3 |     6 |     1 ||    10
Dodge: Dodged            |    15 |    57 |    29 ||   101
